 Dungeon Crawl Stone Soup version 0.22.1-1-ga44c0e56f4 (webtiles) character file.

605 OdinFK the Covert (level 7, -2/35 HPs)
             Began as a Spriggan Assassin on Sept 25, 2018.
             Killed by divine providence
             ... invoked by an orc priest
              (16 damage)
             ... on level 6 of the Dungeon.
             The game lasted 00:37:24 (5089 turns).

OdinFK the Covert (Spriggan Assassin)               Turns: 5089, Time: 00:37:24

Health: -2/35      AC:  3    Str:  7    XL:     7   Next: 19%
Magic:  8/8        EV: 19    Int: 13    God:
Gold:   342        SH:  5    Dex: 19    Spells: 5/6 levels left

rFire    . . .     SeeInvis +   a - +2 dagger
rCold    . . .     Gourm    .   E - +0 buckler
rNeg     . . .     Faith    .   c - +0 robe
rPois    .         Spirit   .   (helmet restricted)
rElec    .         Reflect  .   d - +0 cloak
rCorr    +         Harm     .   (gloves unavailable)
MR       +....                  (boots unavailable)
Stlth    +++++.....             (no amulet)
HPRegen  0.11/turn              m - ring of wizardry
MPRegen  0.11/turn              A - ring of resist corrosion

@: very quick
A: very small, unfitting armour, see invisible, herbivore, speed 3, slow
metabolism 2
a: no special abilities


You were on level 6 of the Dungeon.
You were not hungry.

You visited 1 branch of the dungeon, and saw 6 of its levels.

You collected 342 gold pieces.

Inventory:

Hand Weapons
 a - a +2 dagger (weapon)
 b - a +0 blowgun
 w - a +0 hunting sling
Missiles
 e - 48 poisoned needles
 f - 2 curare-tipped needles
Armour
 c - a +0 robe (worn)
 d - a +0 cloak (worn)
 E - a +0 buckler (worn)
Jewellery
 m - a ring of wizardry (left hand)
 t - an uncursed ring of fire
 y - an uncursed ring of wizardry
 A - a ring of resist corrosion (right hand)
Wands
 F - a wand of digging (13)
Scrolls
 j - a scroll of amnesia {unknown}
 k - a scroll of noise {unknown}
 l - a scroll of random uselessness {unknown}
 n - a scroll of fog {unknown}
 o - 8 scrolls of remove curse {unknown}
 r - a scroll of identify
 u - a scroll of blinking {unknown}
 v - a scroll of teleportation {unknown}
 B - a scroll of enchant armour {unknown}
Potions
 h - a potion of agility
 i - a potion of curing
 p - 2 potions of berserk rage {unknown}
 q - a potion of might {unknown}
 s - 2 potions of flight {unknown}
 x - a potion of lignification {unknown}
 z - a potion of heal wounds {unknown}
 C - 2 potions of resistance {unknown}
 D - a potion of brilliance {unknown}
Comestibles
 g - 4 rations


   Skills:
 + Level 2.3 Fighting
 + Level 4.0 Short Blades
 + Level 3.2 Throwing
 + Level 4.0 Dodging
 * Level 10.3 Stealth
 + Level 0.1 Spellcasting
 + Level 0.2 Hexes


You had 5 spell levels left.
You knew the following spells:

 Your Spells              Type           Power        Failure   Level  Hunger
a - Confusing Touch       Hex            #.....       19%         1    ##.....

Your spell library contained the following spells:

 Spells                   Type           Power        Failure   Level  Hunger
 Confuse                  Hex            #.......     47%         3    ####...
 Gell's Gravitas          Tloc           #.........   50%         3    ####...
 Petrify                  Tmut/Erth      #.......     87%         4    #####..
 Metabolic Englaciation   Hex/Ice        #.........   99%         5    ######.
 Yara's Violent Unravell  Hex/Tmut       #.........   99%         5    ######.


Dungeon Overview and Level Annotations

Branches:
Dungeon (6/15)             Temple (0/1) D:4

Altars:
Makhleb
Okawaru

Shops:
D:5 *

Annotations:
D:4 Eustachio


Innate Abilities, Weirdness & Mutations

You are very small and have problems with some larger weapons.
You are too small for most types of armour.
You have supernaturally acute eyesight. (SInv)
You are a herbivore.
You cover ground extremely quickly.
You need to consume almost no food.


Message History

You hit the orc priest but do no damage.
The orc priest is moderately wounded.
The orc priest closely misses you.
You closely miss the orc priest.
The orc priest is moderately wounded.
The orc priest invokes the aid of Beogh against you.
Pain shoots through your body!
You hit the orc priest but do no damage.
The orc priest is moderately wounded.
You block the orc priest's attack.
You closely miss the orc priest.
The orc priest is moderately wounded.
The orc priest barely misses you.
You hit the orc priest.
The orc priest is heavily wounded.
You closely miss the orc priest.
The orc priest is heavily wounded.
The orc priest mumbles some strange prayers to Beogh against you.
Beogh smites you!
You die...

.# . .o ..## o# ..# .# ...
.# .####.############ .#
.......^......@o.##.###.O#
........########..........
#####.....†<# ####....##.
###..##.# ###.... ##.##..#
#.. #..##.# . ##.. .. ##
... #...


You could see an orc priest.

Vanquished Creatures
  2 ogres (D:4)
  Blork the orc (D:4)
  A bullfrog (D:6)
  An iguana (D:4)
  2 worker ants (D:4)
  An adder (D:4)
  4 gnolls (D:4)
  A shadow imp (D:5)
  13 oozes
  3 worms
  2 dart slugs
  4 leopard geckos
  9 orcs
  3 bats
  5 giant cockroaches
  6 goblins
  11 hobgoblins
  8 jackals
  15 kobolds
  3 frilled lizards
  A quokka skeleton (D:4)
  7 rats
103 creatures vanquished.

Vanquished Creatures (others)
  A fungus (D:4)
  9 toadstools (D:4)
10 creatures vanquished.

Grand Total: 113 creatures vanquished

Notes
Turn   | Place    | Note
-------+----------+-------------------------------------------
     0 | D:1      | OdinFK the Spriggan Assassin began the quest for the Orb.
     0 | D:1      | Reached XP level 1. HP: 10/10 MP: 2/2
     6 | D:1      | Reached skill level 6 in Stealth
    33 | D:1      | Reached XP level 2. HP: 14/14 MP: 3/3
   197 | D:1      | Reached skill level 7 in Stealth
   472 | D:2      | Found an iron altar of Okawaru.
   776 | D:1      | Reached XP level 3. HP: 18/18 MP: 4/4
   986 | D:2      | Found a burning altar of Makhleb.
  1669 | D:3      | Learned a level 1 spell: Confusing Touch
  1811 | D:3      | Reached skill level 8 in Stealth
  2081 | D:3      | Reached XP level 4. HP: 22/22 MP: 5/5
  2836 | D:4      | Noticed an ogre
  2893 | D:4      | Noticed Blork the orc
  2955 | D:4      | Reached XP level 5. HP: 21/26 MP: 6/6
  2991 | D:4      | Killed Blork the orc
  2991 | D:4      | Reached skill level 9 in Stealth
  3015 | D:4      | Killed an ogre
  3015 | D:4      | Reached XP level 6. HP: 17/30 MP: 7/7
  3280 | D:4      | Reached skill level 10 in Stealth
  3325 | D:4      | Noticed Eustachio
  3470 | D:4      | Found a staircase to the Ecumenical Temple.
  4308 | D:5      | Entered Level 5 of the Dungeon
  4357 | D:5      | Noticed an ice beast
  4409 | D:5      | Reached XP level 7. HP: 31/35 MP: 8/8
  4647 | D:5      | Found Deutio Ifex's Assorted Antiques.
  5089 | D:6      | Killed from afar by an orc priest

Skill      XL: |  1  2  3  4  5  6  7 |
---------------+----------------------+-----
Stealth        | 6 7 8 9 10 | 10.3
Dodging        | 2 3 4 |  4.0
Short Blades   | 3 4 |  4.0
Fighting       | 2 |  2.3
Throwing       | 3 |  3.2
Spellcasting   | |  0.1
Hexes          | |  0.2

Action                   |  1- 3 |  4- 6 |  7- 9 || total
-------------------------+-------+-------+-------++-------
Melee: Dagger            |   106 |   179 |   115 ||   400
 Fire: Blowgun           |       |    45 |       ||    45
 Cast: Confusing Touch   |       |       |     3 ||     3
  Use: Scroll            |       |     2 |     1 ||     3
 Stab: Sleeping          |    19 |    10 |       ||    29
       Distracted        |       |       |     1 ||     1
  Eat: Ration            |       |       |     1 ||     1
Armor: Robe              |    14 |    14 |     6 ||    34
Dodge: Dodged            |    68 |   128 |    73 ||   269
Block: Buckler           |       |       |    16 ||    16
